 Dungeon Crawl Stone Soup version 0.19.0-2-gae57169 (webtiles) character file.

2449 dobroeutro the Cleaver (level 9, -4/82 HPs)
             Began as a Minotaur Fighter on Nov 6, 2016.
             Was a Follower of Okawaru.
             Slain by Joseph
             ... wielding a +0 quarterstaff
              (8 damage)
             ... on level 7 of the Dungeon.
             The game lasted 00:06:37 (5879 turns).

dobroeutro the Cleaver (Minotaur Fighter)           Turns: 5879, Time: 00:06:37

Health: -4/82      AC:  6    Str: 24    XL:     9   Next: 25%
Magic:  11/11      EV:  9    Int:  5    God:    Okawaru [*.....]
Gold:   393        SH:  3    Dex: 12    Spells: 0 memorised, 8 levels left

rFire  . . .     SeeInvis .     C - +5 battleaxe (curse)
rCold  . . .     Gourm    .     b - +0 scale mail
rNeg   . . .     Faith    .     (shield currently unavailable)
rPois  +         Spirit   .     (helmet restricted)
rElec  .         Reflect  +     (no cloak)
rCorr  .         Harm     .     (no gloves)
MR     .....                    (no boots)
Stlth  ..........               F - +3 amulet of reflection
                                p - ring of poison resistance
                                o - +2 ring of dexterity

@: hasted, very quick
A: retaliatory headbutt, horns 2
a: Heroism, Renounce Religion


You were on level 7 of the Dungeon.
You worshipped Okawaru.
Okawaru was aware of your devotion.
You were hungry.

You visited 2 branches of the dungeon, and saw 8 of its levels.

You collected 393 gold pieces.

Inventory:

Hand Weapons
 a - a +0 war axe
 C - a cursed +5 battleaxe (weapon)
Armour
 b - a +0 scale mail (worn)
 B - a +2 large shield
Jewellery
 o - a +2 ring of dexterity (left hand)
 p - a ring of poison resistance (right hand)
 F - a +3 amulet of reflection (around neck)
Wands
 y - a wand of acid (12/15)
 E - a wand of confusion (32/48)
 H - a wand of hasting (5/9)
 I - a wand of digging (17/24)
Scrolls
 g - a scroll of recharging {unknown}
 h - 5 scrolls of immolation {unknown}
 k - a scroll of fear {unknown}
 l - 4 scrolls of teleportation {unknown}
 m - a scroll of enchant armour {unknown}
 n - 3 scrolls of remove curse {unknown}
 s - a scroll of enchant weapon {unknown}
 t - a scroll of amnesia {unknown}
 u - 4 scrolls of identify {unknown}
 J - a scroll of noise {unknown}
Potions
 c - a potion of curing {unknown}
 d - 2 potions of might
 e - a potion of haste
 j - a potion of brilliance
 q - a potion of cancellation
 r - a potion of ambrosia {unknown}
 v - a potion of heal wounds {unknown}
 w - a potion of magic {unknown}
 z - a potion of agility {unknown}
 A - a potion of flight {unknown}
 D - a potion of invisibility {unknown}
Comestibles
 f - 3 bread rations
 i - 3 meat rations
 x - 26 fruits


   Skills:
 + Level 8.5 Fighting
 * Level 11.4 Axes
 - Level 3.6 Armour
 - Level 3.6 Shields
 + Level 4.3 Evocations


You had 8 spell levels left.
You didn't know any spells.

Dungeon Overview and Level Annotations

Branches:
Dungeon (7/15)             Temple (1/1) D:6

Altars:
Ashenzari
Cheibriados
Elyvilon
Fedhas
Gozag
Hepliaklqana
Nemelex Xobeh
Okawaru
Qazlal
Ru
Sif Muna
Trog
Uskayaw
Vehumet
Xom
Zin
The Shining One

Annotations:
D:7 Joseph


Innate Abilities, Weirdness & Mutations

You reflexively headbutt those who attack you in melee.
You have a pair of horns on your head.


Message History

You are too injured to fight recklessly!
You are too injured to fight recklessly!
You barely miss Joseph. You hit Joseph.
Joseph is lightly wounded.
Joseph hits you with an uncursed quarterstaff!
* * * LOW HITPOINT WARNING * * *
It was a potion of brilliance.
You feel clever all of a sudden.
Joseph hits you with an uncursed quarterstaff!
* * * LOW HITPOINT WARNING * * *
It was a potion of cancellation.
Your magical effects are unravelling.
You feel magically purged.
You feel a little less clever now. Joseph hits you but does no damage.
It was a potion of haste.
You feel yourself speed up.
Joseph shouts, "I love to fight!
I love killing!"
Joseph hits you with an uncursed quarterstaff!
You die...

#.#.###
#..<....# #...#
##...##
#####.### ##.##
##.....## #. #(#
##.......## #
#.# #.........#
# #.#
#.........#.#
#.#
#...........#
#># #......@.#
#.# #%...@# #.#
##?.(## #
#)######.(##...#
#.....((!....#
########..##...#
#..# .## #..# #
#..# ....


You could see Joseph.

Vanquished Creatures
  The ghost of Gravenous the Basher, a novice HuNe of Dithmenos (D:7)
  An orc warrior (D:5)
  A sky beast (D:5)
  An ogre (D:7)
  3 centaurs
  A big kobold (D:7)
  2 bullfrogs
  A scorpion (D:6)
  4 wights
  3 crimson imps
  A bullfrog skeleton (D:5)
  5 orc priests
  2 hounds
  A jelly (D:7)
  5 orc wizards
  6 worker ants
  2 hound skeletons (D:7)
  7 gnolls
  6 adders
  5 shadow imps
  An ooze (D:2)
  An adder skeleton (D:5)
  A worm (D:5)
  A leopard gecko (D:3)
  25 orcs
  4 giant cockroaches
  6 goblins
  6 hobgoblins
  9 jackals
  5 kobolds
  2 quokkas
  7 bats
  2 frilled lizards
  2 quokka skeletons
  11 rats
141 creatures vanquished.

Notes
Turn   | Place    | Note
-------+----------+-------------------------------------------
     0 | D:1      | dobroeutro the Minotaur Fighter began the quest for the Orb.
     0 | D:1      | Reached XP level 1. HP: 19/19 MP: 0/0
   102 | D:1      | Found a shattered altar of Ashenzari.
   266 | D:1      | Reached skill level 3 in Axes
   307 | D:1      | Reached XP level 2. HP: 27/27 MP: 1/1
   964 | D:2      | Reached XP level 3. HP: 33/33 MP: 2/2
  1151 | D:3      | Reached skill level 4 in Axes
  1248 | D:3      | Reached XP level 4. HP: 30/41 MP: 3/3
  1256 | D:3      | Reached skill level 5 in Axes
  1257 | D:3      | Reached XP level 5. HP: 20/47 MP: 4/4
  1378 | D:3      | Found a stormy altar of Qazlal.
  1378 | D:3      | Noticed an air elemental
  1700 | D:3      | Noticed a fire elemental
  1701 | D:3      | Noticed a water elemental
  1896 | D:4      | Reached skill level 5 in Fighting
  1896 | D:4      | Reached skill level 6 in Axes
  2023 | D:4      | Reached XP level 6. HP: 40/56 MP: 5/5
  2368 | D:4      | Reached skill level 7 in Axes
  2454 | D:4      | Found a blossoming altar of Fedhas.
  2723 | D:5      | Entered Level 5 of the Dungeon
  2956 | D:5      | Noticed a sky beast
  2962 | D:5      | Killed a sky beast
  2962 | D:5      | Reached skill level 8 in Axes
  2962 | D:5      | Reached XP level 7. HP: 63/63 MP: 6/6
  3908 | D:5      | Reached skill level 1 in Evocations
  4055 | D:6      | Reached skill level 9 in Axes
  4119 | D:6      | Reached XP level 8. HP: 67/73 MP: 8/8
  4134 | D:6      | Found a staircase to the Ecumenical Temple.
  4613 | Temple   | Entered the Ecumenical Temple
  4845 | Temple   | Became a worshipper of Warmaster Okawaru
  5013 | D:7      | Noticed Gravenous's ghost (novice HuNe)
  5026 | D:7      | Killed Gravenous's ghost
  5026 | D:7      | Reached * piety under Okawaru
  5026 | D:7      | Reached skill level 10 in Axes
  5346 | D:7      | Reached XP level 9. HP: 65/81 MP: 10/10
  5500 | D:7      | Reached skill level 11 in Axes
  5563 | D:7      | Found a deep blue altar of Sif Muna.
  5682 | D:7      | Found a snail-covered altar of Cheibriados.
  5711 | D:7      | Noticed Joseph
  5877 | D:7      | HP: 3/82 [Joseph/uncursed quarterstaff (8)]
  5879 | D:7      | Slain by Joseph

Skill      XL: |  1  2  3  4  5  6  7  8  9 |
---------------+----------------------------+-----
Axes           | 3 4 5 6 8 9 10 11 | 11.4
Fighting       | 4 5 6 7 8 |  8.5
Evocations     | 2 3 4 |  4.3
Armour         | |  3.6
Shields        | |  3.6

Action                   |  1- 3 |  4- 6 |  7- 9 || total
-------------------------+-------+-------+-------++-------
Melee: War axe           |    55 |   137 |    92 ||   284
       Headbutt          |    12 |    20 |    22 ||    54
       Battleaxe         |       |       |    74 ||    74
  Use: Potion            |       |       |     3 ||     3
  Eat: Chunk             |     1 |     5 |       ||     6
       Meat ration       |       |       |     1 ||     1
       Bread ration      |       |       |     1 ||     1
Armor: Scale mail        |    32 |    42 |    29 ||   103
Dodge: Dodged            |    17 |    42 |    33 ||    92
Block: Shield            |    42 |    71 |     5 ||   118
       Large shield      |       |       |    85 ||    85
       Other             |       |       |     5 ||     5
